 Dungeon Crawl Stone Soup version 0.32-a0-131-g9dbbe29261 (webtiles) character file.

Game seed: 13468654590177355819

1057 cforsyth the Trooper (level 8, -5/62 HPs)
             Began as a Djinni Hexslinger on Feb 8, 2024.
             Slain by an ice beast (18 damage)
             ... on level 6 of the Dungeon.
             The game lasted 00:15:36 (6566 turns).

cforsyth the Trooper (Djinni Hexslinger)            Turns: 6566, Time: 00:15:37

Health: -5/62      AC:  4    Str: 13    XL:     8   Next: 51%
Gold:   203        EV: 12    Int: 17    God:
                   SH:  0    Dex: 16

rFire   + + .        a - +1 sling
rCold   x . .        (no shield)
rNeg    . . .        c - +0 robe
rPois   ∞            n - +0 helmet
rElec   .            q - +0 cloak
rCorr   .            (no gloves)
SInv    .            (boots unavailable)
Will    .....        (no amulet)
Stlth   +            S - +6 ring of strength
HPRegen 0.30/turn    (no ring)
MPRegen 0.00/turn

%: infuse magic (-6 HP)
@: flying
A: sickness immunity, fire resistance 2, cold vulnerability 1, float, innate
caster, HP casting, extra vitality 1
a: no special abilities


You were on level 6 of the Dungeon.
You visited 1 branch of the dungeon, and saw 6 of its levels.

You collected 285 gold pieces.
You spent 82 gold pieces at shops.


Innate Abilities, Weirdness & Mutations

You are immune to sickness and miasma.
You are immune to poison.
Your flesh is very heat resistant. (rF++)
You are vulnerable to cold. (rC-)
You float through the air rather than walking.
You learn spells naturally, not from books.
Your magical power is your life essence.
You have superior vitality. (+4 MHP)


   Skills:
 + Level 6.8 Fighting
 - Level 1.5 Ranged Weapons
 - Level 2.1 Dodging
 + Level 5.7 Spellcasting
 + Level 5.7 Conjurations
 + Level 5.7 Hexes
 + Level 5.7 Summonings
 + Level 5.7 Necromancy
 + Level 5.7 Translocations
 + Level 5.7 Fire Magic
 + Level 5.7 Ice Magic
 + Level 5.7 Air Magic
 + Level 5.7 Earth Magic
 + Level 5.7 Alchemy


You knew the following spells:

 Your Spells              Type           Power      Damage    Failure   Level
a - Apportation           Tloc           48%        N/A       1%          1
c - Cause Fear            Hex            12%        N/A       13%         4
d - Dazzling Flash        Conj/Hex       48%        N/A       3%          3
f - Inner Flame           Hex/Fire       24%        N/A       3%          3
s - Searing Ray           Conj           48%        2d6       1%          2
X - Jinxbite              Hex            48%        N/A       1%          2
Y - Sigil of Binding      Hex            24%        N/A       3%          3
Z - Dimensional Bullseye  Hex/Tloc       12%        N/A       13%         4
Your spell library was empty.

Inventory:

Hand Weapons
 a - a +1 sling (weapon)
Missiles
 o - 2 throwing nets {=f=f}
Armour
 c - a +0 robe (worn)
 n - a +0 helmet (worn)
 q - a +0 cloak (worn)
Jewellery
 z - an amulet of faith {!P!P}
 S - a +6 ring of strength (left hand)
Wands
 B - a wand of flame (23)
Scrolls
 b - 2 scrolls of poison
 f - a scroll of vulnerability {unknown}
 g - 2 scrolls of fog {unknown}
 i - a scroll of noise {unknown}
 j - a scroll of amnesia {unknown}
 k - 4 scrolls of teleportation {unknown}
 m - 3 scrolls of enchant armour {unknown}
 p - 4 scrolls of identify {unknown}
 s - a scroll of blinking {unknown}
 w - a scroll of brand weapon {unknown}
 x - 2 scrolls of enchant weapon {unknown}
 y - a scroll of acquirement {unknown}
Potions
 d - a potion of attraction {unknown}
 e - a potion of might {unknown}
 h - a potion of enlightenment {unknown}
 l - a potion of mutation {unknown}
 r - a potion of cancellation {unknown}
 t - a potion of resistance {unknown}
 u - 2 potions of curing {unknown}
 v - 2 potions of haste {unknown}
 A - a potion of invisibility {unknown}
 C - 2 potions of lignification {unknown}

Dungeon Overview and Level Annotations

Branches:
Dungeon (6/15)             Temple (0/1) D:6

Altars:
Dithmenos
Gozag
Uskayaw

Shops:
D:3

* .. ... #. #+##.##.....
##..###.##.#.....#
...........+.....#
......."...#.....#
################....#.....#
#..##...##....##....#.....#
#.........................#
#........Y@........P.P..<.#
##'###############░░.░░...#
.... ........P░...░P... .......
...........>.).... ..........
........P░...░P... ...........
.........░░.░░.... ............
..........P.P.....
...............................
##+###+###+######.


You could see an ice beast (inner flame).


Message History

Aim: an ice beast (chance to affect: 79%)
The ice beast is filled with an inner flame.
Unknown command.
You shoot a sling bullet. The sling bullet hits the ice beast.
Flame seeps out of the ice beast.
The ice beast is lightly wounded.
The ice beast is engulfed in blazing flames.
Flame seeps out of the ice beast.
You shoot a sling bullet.
The sling bullet barely misses the ice beast.
You shoot a sling bullet.
The sling bullet barely misses the ice beast.
You shoot a sling bullet.
The sling bullet barely misses the ice beast.
The ice beast hits you. The ice beast freezes you!
You feel a terrible chill!
You shoot a sling bullet.
The sling bullet barely misses the ice beast.
The ice beast hits you. The ice beast freezes you!!
You feel a terrible chill!
* * * LOW HITPOINT WARNING * * *
You shoot a sling bullet.
The sling bullet hits the ice beast but does no damage.
The ice beast is heavily wounded.
The ice beast hits you.
* * * LOW HITPOINT WARNING * * *
The ice beast freezes you!
You feel a terrible chill!
* * * LOW HITPOINT WARNING * * *
The ice beast hits you.
* * * LOW HITPOINT WARNING * * *
The ice beast freezes you!!
You feel a terrible chill!
You die...

Skill      XL: |  1  2  3  4  5  6  7  8 |
---------------+-------------------------+-----
Spellcasting   | 3 4 5 |  5.7
Conjurations   | 3 4 5 |  5.7
Hexes          | 3 4 5 |  5.7
Summonings     | 3 4 5 |  5.7
Necromancy     | 3 4 5 |  5.7
Translocations | 3 4 5 |  5.7
Fire Magic     | 3 4 5 |  5.7
Ice Magic      | 3 4 5 |  5.7
Air Magic      | 3 4 5 |  5.7
Earth Magic    | 3 4 5 |  5.7
Alchemy        | 3 4 5 |  5.7
Fighting       | 2 3 4 5 6 |  6.8
Ranged Weapons | |  1.5
Dodging        | |  2.1

Action                     |  1- 3 |  4- 6 |  7- 9 || total
---------------------------+-------+-------+-------++-------
  Melee: Unarmed           |     7 |       |       ||     7
   Fire: Sling             |    73 |   111 |     9 ||   193
   Cast: Jinxbite          |     1 |       |       ||     1
         Inner Flame       |     6 |    25 |     2 ||    33
         Sigil of Binding  |     3 |     1 |       ||     4
         Searing Ray       |       |    30 |    29 ||    59
 Armour: Robe              |    15 |    39 |    26 ||    80
  Dodge: Dodged            |    18 |    29 |    27 ||    74

Levels and vault maps discovered:
D:1:      psy_arrival_terrarium, layout_basic,
          shapermc_ecumenical_altar_pompeii, minmay_pentomino_u2
D:2:      layout_basic, basic_altar, chequers_jeans, uniq_terence
D:3:      cheibrodos_greedy_goblins, layout_basic,
          mainiacjoe_overflow_tiny_flanked, mainiacjoe_overflow_chevrons,
          serial_shops, shop
D:4:      layout_loops_ring, mainiacjoe_overflow_concentric_impassable,
          minmay_misc_feat_five
D:5:      layout_loops_ring, mainiacjoe_overflow_24_doors,
          kennysheep_generic_room_5
D:6:      layout_gridville, lemuel_round_altar, lemuel_coloured_pillars_altar,
          nemelex_dance_club_becter, minmay_temple_entry_gardened_gates,
          uniq_grinder

Notes
Turn   | Place    | Note
-------+----------+-------------------------------------------
     0 | D:1      | cforsyth the Djinni Hexslinger began the quest for the Orb.
     0 | D:1      | cforsyth set off with the following spells memorised:
                  | Jinxbite, Sigil of Binding, Inner Flame, Cause Fear,
                  | Dimensional Bullseye.
     0 | D:1      | Reached XP level 1. HP: 17/17 MP: 0/0
   155 | D:1      | Reached XP level 2. HP: 22/22 MP: 0/0
   296 | D:1      | Reached skill level 3 in Spellcasting
   296 | D:1      | Reached skill level 3 in Conjurations
   296 | D:1      | Reached skill level 3 in Hexes
   296 | D:1      | Reached skill level 3 in Summonings
   296 | D:1      | Reached skill level 3 in Necromancy
   296 | D:1      | Reached skill level 3 in Translocations
   296 | D:1      | Reached skill level 3 in Fire Magic
   296 | D:1      | Reached skill level 3 in Ice Magic
   296 | D:1      | Reached skill level 3 in Air Magic
   296 | D:1      | Reached skill level 3 in Earth Magic
   296 | D:1      | Reached skill level 3 in Alchemy
   329 | D:1      | Reached skill level 2 in Fighting
   329 | D:1      | Reached XP level 3. HP: 28/28 MP: 0/0
   329 | D:1      | Learned a level 1 spell: Apportation
   492 | D:1      | Found a faded altar of an unknown god.
   973 | D:2      | Found a hide-covered altar of Uskayaw.
  1033 | D:2      | Noticed Terence
  1623 | D:2      | Killed Terence
  1624 | D:2      | Reached XP level 4. HP: 20/34 MP: 0/0
  2286 | D:3      | Reached skill level 3 in Fighting
  2286 | D:3      | Reached XP level 5. HP: 37/40 MP: 0/0
  2286 | D:3      | Learned a level 2 spell: Searing Ray
  2828 | D:3      | Reached skill level 4 in Spellcasting
  2828 | D:3      | Reached skill level 4 in Conjurations
  2828 | D:3      | Reached skill level 4 in Hexes
  2828 | D:3      | Reached skill level 4 in Summonings
  2828 | D:3      | Reached skill level 4 in Necromancy
  2828 | D:3      | Reached skill level 4 in Translocations
  2828 | D:3      | Reached skill level 4 in Fire Magic
  2828 | D:3      | Reached skill level 4 in Ice Magic
  2828 | D:3      | Reached skill level 4 in Air Magic
  2828 | D:3      | Reached skill level 4 in Earth Magic
  2828 | D:3      | Reached skill level 4 in Alchemy
  2828 | D:3      | Reached XP level 6. HP: 47/47 MP: 0/0
  3052 | D:2      | Reached skill level 4 in Fighting
  3467 | D:3      | Found a shadowy altar of Dithmenos.
  3709 | D:3      | Found Oqenkiax's Assorted Antiques.
  3717 | D:3      | Bought a scroll labelled CITUOPH KIWKO for 22 gold pieces
  3717 | D:3      | Bought a green potion for 19 gold pieces
  3717 | D:3      | Bought a fizzy red potion for 19 gold pieces
  3717 | D:3      | Bought a scroll labelled CITUOPH KIWKO for 22 gold pieces
  4723 | D:4      | Reached XP level 7. HP: 38/53 MP: 0/0
  4723 | D:4      | Learned a level 3 spell: Dazzling Flash
  4837 | D:5      | Entered Level 5 of the Dungeon
  4857 | D:5      | Reached skill level 5 in Fighting
  5443 | D:5      | Reached skill level 5 in Spellcasting
  5443 | D:5      | Reached skill level 5 in Conjurations
  5443 | D:5      | Reached skill level 5 in Hexes
  5443 | D:5      | Reached skill level 5 in Summonings
  5443 | D:5      | Reached skill level 5 in Necromancy
  5443 | D:5      | Reached skill level 5 in Translocations
  5443 | D:5      | Reached skill level 5 in Fire Magic
  5443 | D:5      | Reached skill level 5 in Ice Magic
  5443 | D:5      | Reached skill level 5 in Air Magic
  5443 | D:5      | Reached skill level 5 in Earth Magic
  5443 | D:5      | Reached skill level 5 in Alchemy
  5562 | D:5      | Reached XP level 8. HP: 30/61 MP: 0/0
  5695 | D:5      | Reached skill level 6 in Fighting
  6032 | D:5      | Found an opulent altar of Gozag.
  6509 | D:6      | Found a staircase to the Ecumenical Temple.
  6566 | D:6      | Slain by an ice beast

Vanquished Creatures
  An orc warrior (D:5)
  A black bear (D:5)
  A phantom (D:5)
  2 scorpions
  2 bombardier beetles
  2 hounds
  3 orc priests
  A gnoll bouda (D:5)
  An iguana (D:5)
  Terence (D:2)
  A sleepcap (D:5)
  6 orc wizards
  7 gnolls (D:5)
  An adder (D:3)
  3 dart slugs
  2 ribbon worms (D:2)
  20 orcs
  4 ball pythons
  8 endoplasms
  A giant cockroach (D:3)
  17 goblins
  6 hobgoblins
  7 jackals (D:3)
  8 kobolds
  4 quokkas
  5 bats
  3 frilled lizards
  7 rats
125 creatures vanquished.

Table legend: (Time is in decaauts)
 A = Elapsed time spent in this place.
 B = Non-inter-level travel time spent in this place.
 C = Inter-level travel time spent in this place.
 D = Time resting spent in this place.
 E = Time spent auto-exploring this place.
 F = Levels seen in this place.
 G = Mean time per level.
                   A        B        C        D        E       F      G
               +--------+--------+--------+--------+--------+-----+--------+
         Total |   6634 |   6503 |    131 |    825 |   4475 |   6 | 1105.7 |
       Dungeon |   6634 |   6503 |    131 |    825 |   4475 |   6 | 1105.7 |
               +--------+--------+--------+--------+--------+-----+--------+

Top non-repeatable levels by time:
     D:2: 1782 daAuts
     D:3: 1297 daAuts
     D:5: 1288 daAuts
     D:4: 1252 daAuts
     D:1: 954 daAuts
     D:6: 59 daAuts

Table legend:
 A = Non-vault XP
 B = Vault XP
 C = Vault XP percentage of total XP
 D = Non-vault monster count
 E = Vault monster count
 F = Vault count percentage of total count
                 A         B        C        D         E       F
            +---------+---------+-------+---------+---------+-------
      Total |    1366 |     144 |   9.5 |     109 |      16 |  12.8
            +---------+---------+-------+---------+---------+-------
        D:1 |      32 |       1 |   3.0 |      18 |       1 |   5.3
        D:2 |      67 |      38 |  36.2 |      16 |       2 |  11.1
        D:3 |     197 |      19 |   8.8 |      32 |      10 |  23.8
        D:4 |     318 |       0 |   0.0 |      21 |       0 |   0.0
        D:5 |     752 |      86 |  10.3 |      22 |       3 |  12.0
            +---------+---------+-------+---------+---------+-------
